 Dungeon Crawl Stone Soup version 0.27-a0-660-g90476cec82 (webtiles) character file.

Game seed: 16711714157761231116

41 MalarOregon the Caller (level 3, 0/31 HPs)
             Began as a Halfling Summoner on Mar 16, 2021.
             Succumbed to an adder's poison
             ... on level 2 of the Dungeon.
             The game lasted 00:05:44 (2817 turns).

MalarOregon the Caller (Halfling Summoner)          Turns: 2817, Time: 00:05:45

Health: 0/31       AC: 21    Str:  7 (9)  XL:     3   Next: 75%
Magic:  0/6        EV:  3    Int: 12 (14) God:
Gold:   130        SH:  0    Dex: 12 (14) Spells: 3/6 levels left

rFire    . . .     SeeInvis .   h - +0 dagger (flame)
rCold    . . .     Faith    .   (shield restricted)
rNeg     + + +     Spirit   .   (armour currently unavailable)
rPois    +         Reflect  .   (helmet currently unavailable)
rElec    .         Harm     .   (cloak currently unavailable)
rCorr    .         Rampage  .   (gloves currently unavailable)
Will     .....     NoTele   +   (boots currently unavailable)
Stlth    ++........             (no amulet)
HPRegen  0.10/turn              (no ring)
MPRegen  0.10/turn              (no ring)

@: lethally poisoned (0 -> -19), tree-form, attractive
A: stationary, stasis, torment immunity, boosted hp, small, no large weapons,
mutation resistance 1
a: no special abilities


You were on level 2 of the Dungeon.
You were a tree.
You visited 1 branch of the dungeon, and saw 2 of its levels.

You collected 130 gold pieces.

Inventory:

Hand Weapons
 h - a +0 dagger of flaming (weapon)
   (You took it off a kobold on level 1 of the Dungeon)
Armour
 a - a +0 robe (melded)
Scrolls
 b - 2 scrolls of teleportation {unknown}
 c - 4 scrolls of magic mapping {unknown}
 f - a scroll of immolation {unknown}
 i - 2 scrolls of fear {unknown}
 l - 3 scrolls of identify {unknown}
Potions
 e - a potion of degeneration {!q}
 j - a potion of magic {unknown}


   Skills:
 - Level 2.1 Dodging
 - Level 2.1 Stealth
 + Level 2.1 Spellcasting
 * Level 4.0 Summonings


You had 3 spell levels left.
You knew the following spells:

 Your Spells              Type           Power      Damage    Failure   Level
a - Summon Small Mammal   Summ           40%        N/A       5%          1
x - Call Imp              Summ           10%        N/A       8%          2

Your spell library contained the following spells:

 Spells                   Type           Power      Damage    Failure   Level
 Call Canine Familiar     Summ           10%        N/A       16%         3
 Summon Guardian Golem    Hex/Summ       6%         N/A       34%         3
 Summon Ice Beast         Ice/Summ       6%         N/A       75%         4
 Summon Lightning Spire   Summ/Air       6%         N/A       75%         4


Dungeon Overview and Level Annotations

Branches:
Dungeon (2/15)

Altars:
Xom


Innate Abilities, Weirdness & Mutations

You are a tree.
Your roots penetrate the ground, keeping you stationary.
You cannot be teleported.
You are immune to unholy pain and torment.
Your maximum health is greatly increased.
Your equipment is partially melded.
You are small and have problems with some larger weapons.
You are somewhat resistant to further mutation.


Message History

The adder closely misses you.
A beastly little devil appears in a puff of flame.
Your crimson imp hits the bat.
The bat dies!
The adder bites you.
You barely miss the adder. The adder closely misses you.
Your crimson imp blinks!
You closely miss the adder. The adder barely misses you.
Your crimson imp closely misses the adder.
The adder barely misses you.
You barely miss the adder. The adder bites you.
* * * LOW HITPOINT WARNING * * *
You are poisoned.
The adder poisons you!
Your crimson imp closely misses the adder.
You closely miss the adder.
You feel sick.
Your crimson imp blinks!
The adder bites you.
* * * LOW HITPOINT WARNING * * *
You are lethally poisoned!
The adder poisons you!
Your crimson imp hits the adder but does no damage.
It was a potion of degeneration.
There was something very wrong with that liquid.
You feel weakened.
You feel dopey.
You feel clumsy.
e - a potion of degeneration;
j - a viscous emerald potion
* * * LOW HITPOINT WARNING * * *
You feel sick.
Your crimson imp blinks!
The adder bites you.
* * * LOW HITPOINT WARNING * * *
You are more poisoned.
The adder poisons you!
Your crimson imp blinks!
It was a potion of flight.
You feel very buoyant.
You fly up into the air.
* * * LOW HITPOINT WARNING * * *
You feel sick. The adder completely misses you. The adder bites you.
* * * LOW HITPOINT WARNING * * *
You are more poisoned.
The adder poisons you!
It was a potion of lignification.
You turn into a tree.
Your +0 robe melds into your body.
Your roots penetrate the ground.
* * * LOW HITPOINT WARNING * * *
You feel sick. The adder bites you but does no damage.
Unknown command.
It was a potion of attraction.
You feel attractive to monsters.
You die...

...........#.......≈≈≈≈≈≈
...........#.####..≈..≈.≈
....b......#.# #......≈≈
.........5.#.# ##.#.#..#
########.###.# #.#..<..
#†#.[.# #.#..... #.#.###
#.#....# ####S#.#
#.#.#... #...♣..#
##.#.#..# #......#
#....##.# #..5...#
#........ #......#
##....##.. #......#
#.....##.. #......#
#.#.#.##.. #......#
#.#.#.#... #......#
#.#.#.#... #.#.#.#.#.


You could see an adder (ally target) and 2 friendly crimson imps.

Vanquished Creatures
  An ooze (D:2)
  2 dart slugs (D:1)
  A leopard gecko (D:2)
  3 bats (D:1)
  4 giant cockroaches
  2 hobgoblins (D:2)
  A kobold (D:2)
  3 rats (D:1)
17 creatures vanquished.

Vanquished Creatures (collateral kills)
  A worm (D:2)
  A dart slug (D:1)
  2 bats
  A goblin (D:1)
  A hobgoblin (D:1)
  2 jackals (D:1)
  3 kobolds
  3 rats
14 creatures vanquished.

Grand Total: 31 creatures vanquished

Notes
Turn   | Place    | Note
-------+----------+-------------------------------------------
     0 | D:1      | MalarOregon the Halfling Summoner began the quest for the
                  | Orb.
     0 | D:1      | Reached XP level 1. HP: 11/11 MP: 3/3
   307 | D:1      | Reached XP level 2. HP: 11/17 MP: 2/4
   310 | D:1      | Learned a level 2 spell: Call Imp
   676 | D:1      | Found a shimmering altar of Xom.
  1493 | D:1      | Reached XP level 3. HP: 15/21 MP: 5/5
  2121 | D:2      | Found a faded altar of an unknown god.
  2541 | D:2      | Reached skill level 4 in Summonings
  2817 | D:2      | Succumbed to an adder's poison

Illustrated notes

Levels and vault maps discovered:
D:1:      lightli_iron_boxes, layout_basic, xom_teletrap_fun
D:2:      layout_basic, chequers_ecumenical_altar_island, uniq_robin

Skill      XL: |  1  2  3 |
---------------+----------+-----
Spellcasting   | 2 |  2.1
Summonings     | 4 |  4.0
Dodging        | |  2.1
Stealth        | |  2.1

Action                   || total
-------------------------++-------
Melee: Unarmed           ||    59
       Dagger            ||    97
 Cast: Summon Small Mamm ||    38
       Call Imp          ||     6
  Use: Potion            ||     4
 Stab: Sleeping          ||     2
Armor: Robe              ||    24
       Skin              ||     1
Dodge: Dodged            ||   144

Table legend: (Time is in decaauts)
 A = Elapsed time spent in this place.
 B = Non-inter-level travel time spent in this place.
 C = Inter-level travel time spent in this place.
 D = Time resting spent in this place.
 E = Time spent auto-exploring this place.
 F = Levels seen in this place.
 G = Mean time per level.
                   A        B        C        D        E       F      G
               +--------+--------+--------+--------+--------+-----+--------+
         Total |   2818 |   2748 |     70 |    672 |   1483 |   2 | 1409.0 |
       Dungeon |   2818 |   2748 |     70 |    672 |   1483 |   2 | 1409.0 |
               +--------+--------+--------+--------+--------+-----+--------+

Top non-repeatable levels by time:
     D:1: 2119 daAuts
     D:2: 698 daAuts
